 Dungeon Crawl Stone Soup version 0.26.1-11-gd32895ea62 (webtiles) character file.

Game seed: 11011856517200283605

1374 H0rd4k the Insei (level 8, -2/51 HPs)
             Began as an Octopode Transmuter on June 28, 2021.
             Slain by an orc warrior
             ... wielding a +0 glaive
              (18 damage)
             ... on level 7 of the Dungeon.
             The game lasted 00:08:13 (7221 turns).

H0rd4k the Insei (Octopode Transmuter)              Turns: 7221, Time: 00:08:13

Health: -2/51      AC:  2    Str:  9    XL:     8   Next: 66%
Magic:  14/14      EV: 15    Int: 17    God:
Gold:   471        SH:  0    Dex: 13    Spells: 11/15 levels left

rFire    . . .     SeeInvis .     - Unarmed
rCold    + + .     Faith    .   (no shield)
rNeg     + . .     Spirit   .   y - +1 hat
rPois    .         Reflect  .   (no amulet)
rElec    .         Harm     .   j - ring of ice
rCorr    .         Rampage  .   o - ring of protection from cold
Will     .....                  r - ring of protection from fire
Stlth    +++.......             v - ring of positive energy
HPRegen  0.17/turn              (no ring)
MPRegen  0.14/turn              (no ring)
                                (no ring)
                                (no ring)

@: no status effects
A: almost no armour, stealthy swim, amphibious, 8 rings, constrict 8, camouflage
1, gelatinous body 1
a: no special abilities


You were on level 7 of the Dungeon.
You visited 1 branch of the dungeon, and saw 7 of its levels.

You collected 471 gold pieces.

Inventory:

Missiles
 b - 2 atropa-tipped darts
 k - 4 poisoned darts (quivered)
Armour
 y - a +1 hat (worn)
 z - the +3 kite shield of Grace {rPois Will+, unknown}
   (You found it on level 6 of the Dungeon)

   It protects you from poison.
   It affects your willpower, your defense against some magical effects.
Jewellery
 j - a ring of ice (left tentacle)
 o - a ring of protection from cold (right tentacle)
 r - a ring of protection from fire (on tentacle)
 v - a ring of positive energy (on tentacle)
Wands
 x - a wand of iceblast (17)
Scrolls
 a - 8 scrolls of identify
 c - a scroll of magic mapping
 d - a scroll of silence {unknown}
 e - a scroll of immolation {unknown}
 f - 2 scrolls of amnesia {unknown}
 g - a scroll of blinking {unknown}
 h - 2 scrolls of enchant armour {unknown}
 l - 4 scrolls of teleportation {unknown}
 t - 2 scrolls of random uselessness {unknown}
 u - a scroll of enchant weapon {unknown}
 B - a scroll of fog {unknown}
Potions
 i - 2 potions of curing
 m - 2 potions of flight {unknown}
 n - 2 potions of haste
 p - a potion of degeneration {unknown}
 q - a potion of attraction {unknown}
 s - a potion of might {unknown}
 w - a potion of resistance {unknown}
 A - a potion of brilliance {unknown}


   Skills:
 + Level 2.3 Fighting
 + Level 1.6 Throwing
 + Level 3.9 Dodging
 - Level 1.2 Stealth
 + Level 6.5 Unarmed Combat
 * Level 4.2 Spellcasting
 * Level 4.3 Transmutations
 * Level 4.7 Poison Magic


You had 11 spell levels left.
You knew the following spells:

 Your Spells              Type           Power        Failure   Level
a - Beastly Appendage     Tmut           36%          2%          1
b - Spider Form           Tmut/Pois      9%           7%          3

Your spell library contained the following spells:

 Spells                   Type           Power        Failure   Level
 Wereblood                Tmut           18%          3%          2
 Corona                   Hex            3%           16%         1
 Summon Small Mammal      Summ           12%          16%         1
 Call Imp                 Summ           3%           24%         2
 Ensorcelled Hibernation  Hex/Ice        10%          24%         2
 Call Canine Familiar     Summ           3%           43%         3
 Confusing Touch          Hex            3%           43%         3
 Dazzling Flash           Conj/Hex       6%           43%         3
 Summon Guardian Golem    Hex/Summ       3%           43%         3
 Tukima's Dance           Hex            3%           43%         3
 Ice Form                 Ice/Tmut       16%          54%         4
 Blade Hands              Tmut           9%           56%         5
 Summon Ice Beast         Ice/Summ       5%           83%         4
 Summon Lightning Spire   Summ/Air       3%           83%         4


Dungeon Overview and Level Annotations

Branches:
Dungeon (7/15)             Temple (0/1) D:7

Altars:
Fedhas
Wu Jian

Annotations:
D:6 exclusion: deep elf mage


Innate Abilities, Weirdness & Mutations

You cannot wear most types of armour.
You are very stealthy in the water. (Stealth+)
You are amphibious.
You can wear up to eight rings at the same time.
You can use your tentacles to constrict eight enemies at once.
Your skin changes colour to match your surroundings (Stealth+).
Your rubbery body absorbs attacks. (AC +1, EV +1)


Message History

Your transformation is almost over.
The orc shouts!
The orc barely misses you.
You barely miss the orc. You bite the orc!
You kill the orc!
The orc warrior closely misses you.
Your transformation has ended.
Your +1 hat unmelds from your body.
You see here a +0 flail.
An orc comes into view. It is wielding a +0 club.
The orc shouts!
You hear a shout!
It was a potion of curing.
You feel better. The orc warrior barely misses you.
As you read the scroll labelled HUDGHU XUNIEDYR, it crumbles to dust.
It is a scroll of identify.
n - 2 potions of haste
As you read the scroll labelled BARUVI ABRIDWA, it crumbles to dust.
You feel aware of your surroundings.
It was a scroll of magic mapping.
The orc warrior hits you from afar with a +0 glaive!!
You die...

.###............o....#.....#.....
.* #...#############.#..######...
.###..†............#.#..## #...
..####'....####.####.....#####...
..####'....oo.o.5..###.#.......##
#..........#######.# #...........
...................# ###.........
##.......########### #..####...
#.........o5oo.@..######........
#........########o..o......##...
#........#,,,,*,,....#####..<<..
#........#,,,,*,,....#...#..#...
*#).......#,,,,*,,,,,.#.#.#..#...
..........#,,,,*,,,,,,#.#.#..#...
..........#,,,,,,,,,,,..#.#..#...
..........#,,,,,,,,,,.###.#..#...
..........#,,,*,*,,,,,,,*,##.#,**


You could see an orc warrior, an orc priest, a white imp and 3 orcs.

Vanquished Creatures
  Edmund (D:6)
  2 ice beasts
  3 ogres
  2 centaurs (D:5)
  A bullfrog (D:7)
  A wyvern zombie (D:6)
  A bullfrog skeleton (D:6)
  An orc priest (D:3)
  An orc wizard (D:4)
  A centaur skeleton (D:4)
  2 iguanas
  5 worker ants
  A howler monkey zombie (D:7)
  A worker ant zombie (D:6)
  3 gnolls (D:4)
  9 adders
  A shadow imp (D:6)
  An adder zombie (D:7)
  An adder skeleton (D:4)
  A worm (D:2)
  2 dart slugs
  4 leopard geckos
  11 orcs
  A ball python (D:7)
  7 giant cockroaches
  7 goblins
  5 hobgoblins
  9 jackals
  6 kobolds (D:1)
  3 quokkas
  6 bats
  6 frilled lizards
  A quokka skeleton (D:5)
  10 rats
117 creatures vanquished.

Vanquished Creatures (others)
  2 orcs (D:6)
2 creatures vanquished.

Grand Total: 119 creatures vanquished

Notes
Turn   | Place    | Note
-------+----------+-------------------------------------------
     0 | D:1      | H0rd4k the Octopode Transmuter began the quest for the Orb.
     0 | D:1      | Reached XP level 1. HP: 13/13 MP: 3/3
   282 | D:1      | Reached XP level 2. HP: 15/18 MP: 5/5
   296 | D:1      | Reached skill level 1 in Stealth
   881 | D:1      | Reached XP level 3. HP: 18/23 MP: 6/6
   885 | D:1      | Learned a level 3 spell: Spider Form
  1702 | D:2      | Found a blossoming altar of Fedhas.
  2290 | D:3      | Reached XP level 4. HP: 28/28 MP: 7/7
  2328 | D:3      | Found an ornate altar of the Wu Jian Council.
  2426 | D:3      | Reached skill level 1 in Poison Magic
  2584 | D:3      | Found a faded altar of an unknown god.
  2746 | D:3      | Reached XP level 5. HP: 21/33 MP: 8/8
  2777 | D:3      | Reached skill level 4 in Unarmed Combat
  3807 | D:4      | Reached XP level 6. HP: 27/38 MP: 6/10
  4015 | D:4      | Reached skill level 1 in Throwing
  4588 | D:4      | Reached XP level 7. HP: 39/43 MP: 7/11
  4644 | D:5      | Entered Level 5 of the Dungeon
  4867 | D:5      | Reached skill level 5 in Unarmed Combat
  5516 | D:6      | Got a steaming kite shield
  5761 | D:6      | Reached XP level 8. HP: 45/48 MP: 13/13
  5808 | D:6      | Noticed Edmund
  5825 | D:6      | Killed Edmund
  6018 | D:6      | Reached skill level 6 in Unarmed Combat
  6683 | D:6      | Noticed a deep elf mage
  7221 | D:7      | Slain by an orc warrior

Illustrated notes

Levels and vault maps discovered:
D:1:      minmay_arrival_jagged, layout_basic, minmay_misc_feat_four_crosses,
          dk_noncrumbling_3, minmay_octomino_c4
D:2:      layout_basic, dk_noncrumbling_2, fedhas_altar_4
D:3:      layout_loops_ring, nzn_wu_jian_contemplation,
          chequers_ecumenical_altar_simple_redux
D:4:      layout_basic
D:5:      layout_rooms, serial_bayou_crossing
D:6:      layout_basic, guppyfry_early_elven_hall, uniq_edmund
D:7:      layout_basic, temple_green, serial_co_window_serial,
          co_window_paths_b, co_window_cross_1, co_window_of_opportunity_a,
          co_window_corner_a, co_window_of_opportunity_a, co_window_corner_b,
          co_window_cross_4, co_window_broadway_b, co_window_paths_c,
          co_window_paths_e, glass_columns_a, glass_columns_a, glass_columns_c,
          glass_columns_c

Skill      XL: |  1  2  3  4  5  6  7  8 |
---------------+-------------------------+-----
Stealth        | 1 |  1.2
Poison Magic   | 1 2 3 4 |  4.7
Unarmed Combat | 4 5 6 |  6.5
Transmutations | 3 4 |  4.3
Throwing       | 1 |  1.6
Dodging        | 3 |  3.9
Spellcasting   | 3 4 |  4.2
Fighting       | 2 |  2.3

Action                   |  1- 3 |  4- 6 |  7- 9 || total
-------------------------+-------+-------+-------++-------
Melee: Unarmed           |    84 |   113 |   135 ||   332
       Constrict         |    20 |    14 |    10 ||    44
       Tentacles         |    12 |     9 |    15 ||    36
       Punch             |     1 |       |     3 ||     4
Throw: Dart              |       |    20 |     8 ||    28
 Cast: Spider Form       |       |     9 |    13 ||    22
  Use: Potion            |       |     2 |     2 ||     4
       Scroll            |       |       |     2 ||     2
 Stab: Sleeping          |     7 |     6 |     1 ||    14
       Invisible         |       |     1 |       ||     1
Armor: Skin              |     2 |    31 |     9 ||    42
Dodge: Dodged            |    39 |    61 |    96 ||   196
